Map: Interloper LE

Players

SamuraiFunn - Winner!

  • Race: Protoss Protoss
  • Spawn Location: 11:00

A.I. 1 (Harder)

  • Race: Terran Terran
  • Spawn Location: 5:00

VOD

Have the link to the VOD?

Description

Time

  • Played on: Oct. 28, 2017, 1:44 p.m.
  • Length: 12:28
Show
View Real Time Build Order
Export as new Build Order

SamuraiFunn Protoss - Winner!

Build Orders:  

Get SALT Encoding   

  12  0:02  Probe (Chrono Boost)  
  13  0:12  Probe (Chrono Boost)  
  14  0:18  Pylon  
  14  0:23  Probe (Chrono Boost)  
  15  0:36  Probe (Chrono Boost)  
  15  0:40  Gateway  
  16  0:47  Probe (Chrono Boost)  
  17  0:58  Probe (Chrono Boost)  
  17  0:59  Gateway  
  18  1:08  Probe (Chrono Boost)  
  18  1:09  Assimilator  
  19  1:19  Probe (Chrono Boost)  
  19  1:22  Pylon  
  20  1:36  Zealot  
  22  1:48  Gateway  
  22  2:02  Pylon  
  22  2:06  Probe (Chrono Boost)  
  23  2:10  Assimilator  
  23  2:12  Zealot  
  25  2:17  Probe (Chrono Boost)  
  25  2:23  Zealot  
  25  2:27  Probe (Chrono Boost)  
  28  2:38  Probe (Chrono Boost)  
  28  2:43  Zealot  
  31  2:44  Zealot  
  33  2:57  Nexus  
  33  3:05  Pylon  
  33  3:19  Probe (Chrono Boost)  
  34  3:23  Zealot  
  34  3:26  Zealot  
  38  3:29  Probe (Chrono Boost)  
  39  3:38  Forge  
  39  3:40  Probe (Chrono Boost)  
  40  3:48  Cybernetics Core  
  40  4:07  Probe (Chrono Boost)  
  40  4:09  Probe (Chrono Boost)  
  42  4:16  Zealot  
  44  4:18  Probe (Chrono Boost)  
  44  4:19  Probe (Chrono Boost)  
  44  4:23  Zealot  
  48  4:28  Probe (Chrono Boost), Protoss Ground Weapons Level 1  
  49  4:33  Zealot  
  51  4:39  Probe (Chrono Boost)  
  52  4:49  Probe (Chrono Boost)  
  53  5:10  Robotics Facility  
  53  5:13  Pylon  
  53  5:15  Zealot x2  
  53  5:17  Pylon, Zealot  
  59  5:24  Probe (Chrono Boost)  
  59  5:28  Probe (Chrono Boost)  
  61  5:34  Probe (Chrono Boost)  
  62  5:38  Probe (Chrono Boost)  
  62  5:42  Robotics Facility x2  
  63  5:45  Probe (Chrono Boost)  
  64  5:55  Probe (Chrono Boost)  
  65  6:03  Nexus  
  65  6:09  Pylon  
  65  6:14  Pylon  
  65  6:15  Immortal  
  69  6:19  Zealot  
  69  6:22  Protoss Shields Level 1  
  71  6:29  Immortal  
  75  6:40  Probe (Chrono Boost)  
  76  6:54  Probe (Chrono Boost)  
  77  7:04  Probe (Chrono Boost)  
  78  7:15  Probe (Chrono Boost)  
  79  7:25  Probe (Chrono Boost)  
  79  7:27  Twilight Council  
  80  7:33  Immortal  
  80  7:34  Immortal  
  80  7:36  Probe (Chrono Boost)  
  89  7:37  Zealot x3  
  95  7:44  Gateway  
  95  7:53  Robotics Facility  
  95  7:58  Pylon  
  95  8:02  Probe (Chrono Boost)  
  96  8:12  Immortal  
  101  8:13  Probe (Chrono Boost), Immortal  
  101  8:14  Immortal  
  101  8:16  Protoss Ground Armor Level 1  
  109  8:21  Zealot x3  
  109  8:23  Probe (Chrono Boost)  
  109  8:25  Assimilator  
  116  8:31  Assimilator  
  116  8:34  Probe (Chrono Boost)  
  117  8:50  Pylon  
  117  9:05  Charge  
  117  9:08  Immortal x2  
  125  9:17  Assimilator  
  125  9:58  Observer x2  
  125  9:59  Probe (Chrono Boost)  
  104  10:09  Probe (Chrono Boost)  
  104  10:10  Protoss Ground Weapons Level 2  
  104  10:13  Zealot x3  
  99  10:16  Immortal x2  
  99  10:19  Immortal x2  
  99  10:20  Probe (Chrono Boost)  
  112  10:33  Stalker  
  114  10:40  Zealot, Stalker x2  
  120  11:03  Stalker  
  122  11:07  Stalker  
  124  11:24  Warp Prism  
Show
View Real Time Build Order
Export as new Build Order

A.I. 1 (Harder) Terran 

Build Orders: MMM Bio 

Get SALT Encoding   

  12  0:00  SCV  
  13  0:13  SCV  
  14  0:19  Supply Depot  
  14  0:25  SCV  
  15  0:40  SCV  
  16  0:43  Barracks  
  16  0:49  Refinery  
  16  0:52  SCV  
  17  1:05  SCV  
  18  1:17  SCV  
  19  1:21  Supply Depot  
  19  1:29  SCV  
  19  1:31  Marine  
  21  1:41  Barracks  
  21  1:43  Orbital Command  
  21  1:49  Barracks Tech Lab, Refinery  
  21  2:04  Factory  
  21  2:07  Marine  
  22  2:22  Supply Depot  
  22  2:26  Marauder  
  22  2:29  Marine  
  25  2:47  Marine  
  25  2:50  Hellion  
  28  2:56  Supply Depot  
  28  2:58  Marine  
  29  3:07  Marine  
  30  3:16  Marine  
  31  3:25  Marine  
  32  3:27  Supply Depot  
  32  3:33  Hellion  
  34  3:43  Marauder  
  36  3:49  SCV  
  36  3:55  Hellion  
  39  4:00  Supply Depot  
  39  4:01  SCV  
  40  4:04  Marauder  
  42  4:12  Engineering Bay  
  42  4:13  SCV  
  42  4:16  Hellion  
  45  4:25  SCV  
  45  4:26  Marauder  
  48  4:37  SCV, Hellion  
  51  4:49  SCV  
  52  4:59  Hellion  
  54  5:28  SCV  
  54  6:26  Barracks Tech Lab  
  54  6:27  Marine, Terran Infantry Weapons Level 1, Stimpack  
  54  6:29  Factory  
  54  6:32  Factory Tech Lab, Ghost Academy  
  55  6:34  Starport  
  55  6:38  Starport, Command Center  
  55  6:41  Supply Depot  
  55  6:44  Combat Shields  
  55  6:45  Marine x2  
  57  7:03  Marine  
  57  7:04  Marauder  
  57  7:05  Supply Depot  
  60  7:10  Starport Tech Lab  
  60  7:12  Factory Tech Lab  
  60  7:14  Starport Tech Lab  
  60  7:17  Missile Turret  
  60  7:20  Ghost  
  62  7:22  Missile Turret  
  62  7:25  Marauder  
  62  7:29  Supply Depot  
  64  7:30  Raven  
  64  7:32  Raven  
  68  7:44  Sensor Tower  
  68  7:46  Marine, Bunker  
  68  7:49  Ghost  
  71  7:52  SCV  
  71  7:53  SCV  
  71  7:58  Refinery  
  73  8:03  Concussive Shells  
  73  8:04  SCV, Marine  
  76  8:05  SCV  
  76  8:16  SCV  
  76  8:17  SCV  
  76  8:18  Marine  
  79  8:22  Marine, Terran Infantry Armor Level 1  
  79  8:23  Missile Turret  
  80  8:28  SCV  
  80  8:30  Missile Turret  
  80  8:31  SCV  
  82  8:40  SCV  
  83  8:43  SCV  
  84  8:52  Armory  
  84  8:53  SCV  
  84  8:54  Bunker  
  85  8:56  SCV  
  86  9:05  SCV  
  86  9:08  SCV  
  86  9:09  Barracks  
  89  9:17  SCV  
  89  9:53  Refinery  
  89  9:57  Barracks Reactor  
  89  9:58  Viking x2  
  89  9:59  Supply Depot  
  90  10:04  Marauder  
  77  10:07  Hellion  
  77  10:08  Hellion  
  77  10:13  Marine  
  58  10:23  SCV  
  58  10:25  Marine  
  58  10:28  Viking  
  50  10:29  Hellion  
  50  10:31  Marine  
  50  10:35  Marine  
  45  10:40  Marine  
  30  10:43  Marine  
  30  10:49  Marine  
  29  10:52  Marine  
  22  11:02  Marauder  
  22  11:03  SCV  
  11  11:15  SCV  
  11  11:19  Command Center  
Tags
 
Composition
MMM Bio
Matchup
PvT
Replay Pack
First 100 games
Spawn Locations
Cross Positions
Add a new tag
Caveats
  • Supply blocks, unpowered buildings, or Contaminate may cause inaccurate times.
  • Supply counts are checked every 10 seconds.